Workbook

Sheet Календарь
A1: Платёжный календарь объекта по неделям
A2: Объект: | B2: Жилой дом, корпус 2 | G2: ПРИМЕР — жёлтые параметры замените своими
A3: Начало первой недели (понедельник): | B3: 46328
A4: Остаток денег по объекту на начало, руб.: | B4: 1500000
A5: Минимальный остаток, руб.: | B5: 500000
A7: Статья | B7: Нед. 1 | C7: Нед. 2 | D7: Нед. 3 | E7: Нед. 4 | F7: Нед. 5 | G7: Нед. 6 | H7: Нед. 7 | I7: Нед. 8 | J7: Нед. 9 | K7: Нед. 10 | L7: Нед. 11 | M7: Нед. 12 | N7: Нед. 13 | O7: Нед. 14 | P7: Нед. 15 | Q7: Нед. 16 | R7: Нед. 17 | S7: Нед. 18 | T7: Нед. 19 | U7: Нед. 20 | V7: Нед. 21 | W7: Нед. 22 | X7: Нед. 23 | Y7: Нед. 24 | Z7: Нед. 25 | AA7: Нед. 26 | AB7: Итого
A8: Начало недели | B8: =$B$3+7*0 | C8: =$B$3+7*1 | D8: =$B$3+7*2 | E8: =$B$3+7*3 | F8: =$B$3+7*4 | G8: =$B$3+7*5 | H8: =$B$3+7*6 | I8: =$B$3+7*7 | J8: =$B$3+7*8 | K8: =$B$3+7*9 | L8: =$B$3+7*10 | M8: =$B$3+7*11 | N8: =$B$3+7*12 | O8: =$B$3+7*13 | P8: =$B$3+7*14 | Q8: =$B$3+7*15 | R8: =$B$3+7*16 | S8: =$B$3+7*17 | T8: =$B$3+7*18 | U8: =$B$3+7*19 | V8: =$B$3+7*20 | W8: =$B$3+7*21 | X8: =$B$3+7*22 | Y8: =$B$3+7*23 | Z8: =$B$3+7*24 | AA8: =$B$3+7*25
A9: Конец недели | B9: =B8+6 | C9: =C8+6 | D9: =D8+6 | E9: =E8+6 | F9: =F8+6 | G9: =G8+6 | H9: =H8+6 | I9: =I8+6 | ... AA9: =AA8+6
A10: ПОСТУПЛЕНИЯ
A11: Оплата актов заказчиком | B11: =SUMIFS('Акты и оплаты'!$Q$4:$Q$63,'Акты и оплаты'!$P$4:$P$63,">="&B$8,'Акты и оплаты'!$P$4:$P$63,"<="&B$9) | C11: =SUMIFS('Акты и оплаты'!$Q$4:$Q$63,'Акты и оплаты'!$P$4:$P$63,">="&C$8,'Акты и оплаты'!$P$4:$P$63,"<="&C$9) | D11: =SUMIFS('Акты и оплаты'!$Q$4:$Q$63,'Акты и оплаты'!$P$4:$P$63,">="&D$8,'Акты и оплаты'!$P$4:$P$63,"<="&D$9) | E11: =SUMIFS('Акты и оплаты'!$Q$4:$Q$63,'Акты и оплаты'!$P$4:$P$63,">="&E$8,'Акты и оплаты'!$P$4:$P$63,"<="&E$9) | F11: =SUMIFS('Акты и оплаты'!$Q$4:$Q$63,'Акты и оплаты'!$P$4:$P$63,">="&F$8,'Акты и оплаты'!$P$4:$P$63,"<="&F$9) | G11: =SUMIFS('Акты и оплаты'!$Q$4:$Q$63,'Акты и оплаты'!$P$4:$P$63,">="&G$8,'Акты и оплаты'!$P$4:$P$63,"<="&G$9) | H11: =SUMIFS('Акты и оплаты'!$Q$4:$Q$63,'Акты и оплаты'!$P$4:$P$63,">="&H$8,'Акты и оплаты'!$P$4:$P$63,"<="&H$9) | I11: =SUMIFS('Акты и оплаты'!$Q$4:$Q$63,'Акты и оплаты'!$P$4:$P$63,">="&I$8,'Акты и оплаты'!$P$4:$P$63,"<="&I$9) | ... AA11: =SUMIFS('Акты и оплаты'!$Q$4:$Q$63,'Акты и оплаты'!$P$4:$P$63,">="&AA$8,'Акты и оплаты'!$P$4:$P$63,"<="&AA$9) | AB11: =SUM(B11:AA11)
A12: Возврат гарантийного удержания | B12: =SUMIFS('Акты и оплаты'!$F$4:$F$63,'Акты и оплаты'!$R$4:$R$63,">="&B$8,'Акты и оплаты'!$R$4:$R$63,"<="&B$9) | C12: =SUMIFS('Акты и оплаты'!$F$4:$F$63,'Акты и оплаты'!$R$4:$R$63,">="&C$8,'Акты и оплаты'!$R$4:$R$63,"<="&C$9) | D12: =SUMIFS('Акты и оплаты'!$F$4:$F$63,'Акты и оплаты'!$R$4:$R$63,">="&D$8,'Акты и оплаты'!$R$4:$R$63,"<="&D$9) | E12: =SUMIFS('Акты и оплаты'!$F$4:$F$63,'Акты и оплаты'!$R$4:$R$63,">="&E$8,'Акты и оплаты'!$R$4:$R$63,"<="&E$9) | F12: =SUMIFS('Акты и оплаты'!$F$4:$F$63,'Акты и оплаты'!$R$4:$R$63,">="&F$8,'Акты и оплаты'!$R$4:$R$63,"<="&F$9) | G12: =SUMIFS('Акты и оплаты'!$F$4:$F$63,'Акты и оплаты'!$R$4:$R$63,">="&G$8,'Акты и оплаты'!$R$4:$R$63,"<="&G$9) | H12: =SUMIFS('Акты и оплаты'!$F$4:$F$63,'Акты и оплаты'!$R$4:$R$63,">="&H$8,'Акты и оплаты'!$R$4:$R$63,"<="&H$9) | I12: =SUMIFS('Акты и оплаты'!$F$4:$F$63,'Акты и оплаты'!$R$4:$R$63,">="&I$8,'Акты и оплаты'!$R$4:$R$63,"<="&I$9) | ... AA12: =SUMIFS('Акты и оплаты'!$F$4:$F$63,'Акты и оплаты'!$R$4:$R$63,">="&AA$8,'Акты и оплаты'!$R$4:$R$63,"<="&AA$9) | AB12: =SUM(B12:AA12)
A13: Аванс заказчика | B13: =SUMIFS('Поступления'!$C$4:$C$103,'Поступления'!$B$4:$B$103,"Аванс заказчика",'Поступления'!$E$4:$E$103,"<>Отменено",'Поступления'!$A$4:$A$103,">="&B$8,'Поступления'!$A$4:$A$103,"<="&B$9) | C13: =SUMIFS('Поступления'!$C$4:$C$103,'Поступления'!$B$4:$B$103,"Аванс заказчика",'Поступления'!$E$4:$E$103,"<>Отменено",'Поступления'!$A$4:$A$103,">="&C$8,'Поступления'!$A$4:$A$103,"<="&C$9) | D13: =SUMIFS('Поступления'!$C$4:$C$103,'Поступления'!$B$4:$B$103,"Аванс заказчика",'Поступления'!$E$4:$E$103,"<>Отменено",'Поступления'!$A$4:$A$103,">="&D$8,'Поступления'!$A$4:$A$103,"<="&D$9) | E13: =SUMIFS('Поступления'!$C$4:$C$103,'Поступления'!$B$4:$B$103,"Аванс заказчика",'Поступления'!$E$4:$E$103,"<>Отменено",'Поступления'!$A$4:$A$103,">="&E$8,'Поступления'!$A$4:$A$103,"<="&E$9) | F13: =SUMIFS('Поступления'!$C$4:$C$103,'Поступления'!$B$4:$B$103,"Аванс заказчика",'Поступления'!$E$4:$E$103,"<>Отменено",'Поступления'!$A$4:$A$103,">="&F$8,'Поступления'!$A$4:$A$103,"<="&F$9) | G13: =SUMIFS('Поступления'!$C$4:$C$103,'Поступления'!$B$4:$B$103,"Аванс заказчика",'Поступления'!$E$4:$E$103,"<>Отменено",'Поступления'!$A$4:$A$103,">="&G$8,'Поступления'!$A$4:$A$103,"<="&G$9) | H13: =SUMIFS('Поступления'!$C$4:$C$103,'Поступления'!$B$4:$B$103,"Аванс заказчика",'Поступления'!$E$4:$E$103,"<>Отменено",'Поступления'!$A$4:$A$103,">="&H$8,'Поступления'!$A$4:$A$103,"<="&H$9) | I13: =SUMIFS('Поступления'!$C$4:$C$103,'Поступления'!$B$4:$B$103,"Аванс заказчика",'Поступления'!$E$4:$E$103,"<>Отменено",'Поступления'!$A$4:$A$103,">="&I$8,'Поступления'!$A$4:$A$103,"<="&I$9) | ... AA13: =SUMIFS('Поступления'!$C$4:$C$103,'Поступления'!$B$4:$B$103,"Аванс заказчика",'Поступления'!$E$4:$E$103,"<>Отменено",'Поступления'!$A$4:$A$103,">="&AA$8,'Поступления'!$A$4:$A$103,"<="&AA$9) | AB13: =SUM(B13:AA13)
A14: Прочие поступления | B14: =SUMIFS('Поступления'!$C$4:$C$103,'Поступления'!$B$4:$B$103,"Прочие поступления",'Поступления'!$E$4:$E$103,"<>Отменено",'Поступления'!$A$4:$A$103,">="&B$8,'Поступления'!$A$4:$A$103,"<="&B$9) | C14: =SUMIFS('Поступления'!$C$4:$C$103,'Поступления'!$B$4:$B$103,"Прочие поступления",'Поступления'!$E$4:$E$103,"<>Отменено",'Поступления'!$A$4:$A$103,">="&C$8,'Поступления'!$A$4:$A$103,"<="&C$9) | D14: =SUMIFS('Поступления'!$C$4:$C$103,'Поступления'!$B$4:$B$103,"Прочие поступления",'Поступления'!$E$4:$E$103,"<>Отменено",'Поступления'!$A$4:$A$103,">="&D$8,'Поступления'!$A$4:$A$103,"<="&D$9) | E14: =SUMIFS('Поступления'!$C$4:$C$103,'Поступления'!$B$4:$B$103,"Прочие поступления",'Поступления'!$E$4:$E$103,"<>Отменено",'Поступления'!$A$4:$A$103,">="&E$8,'Поступления'!$A$4:$A$103,"<="&E$9) | F14: =SUMIFS('Поступления'!$C$4:$C$103,'Поступления'!$B$4:$B$103,"Прочие поступления",'Поступления'!$E$4:$E$103,"<>Отменено",'Поступления'!$A$4:$A$103,">="&F$8,'Поступления'!$A$4:$A$103,"<="&F$9) | G14: =SUMIFS('Поступления'!$C$4:$C$103,'Поступления'!$B$4:$B$103,"Прочие поступления",'Поступления'!$E$4:$E$103,"<>Отменено",'Поступления'!$A$4:$A$103,">="&G$8,'Поступления'!$A$4:$A$103,"<="&G$9) | H14: =SUMIFS('Поступления'!$C$4:$C$103,'Поступления'!$B$4:$B$103,"Прочие поступления",'Поступления'!$E$4:$E$103,"<>Отменено",'Поступления'!$A$4:$A$103,">="&H$8,'Поступления'!$A$4:$A$103,"<="&H$9) | I14: =SUMIFS('Поступления'!$C$4:$C$103,'Поступления'!$B$4:$B$103,"Прочие поступления",'Поступления'!$E$4:$E$103,"<>Отменено",'Поступления'!$A$4:$A$103,">="&I$8,'Поступления'!$A$4:$A$103,"<="&I$9) | ... AA14: =SUMIFS('Поступления'!$C$4:$C$103,'Поступления'!$B$4:$B$103,"Прочие поступления",'Поступления'!$E$4:$E$103,"<>Отменено",'Поступления'!$A$4:$A$103,">="&AA$8,'Поступления'!$A$4:$A$103,"<="&AA$9) | AB14: =SUM(B14:AA14)
A15: Итого поступлений | B15: =B11+B12+B13+B14 | C15: =C11+C12+C13+C14 | D15: =D11+D12+D13+D14 | E15: =E11+E12+E13+E14 | F15: =F11+F12+F13+F14 | G15: =G11+G12+G13+G14 | H15: =H11+H12+H13+H14 | I15: =I11+I12+I13+I14 | ... AA15: =AA11+AA12+AA13+AA14 | AB15: =SUM(B15:AA15)
A16: ВЫПЛАТЫ
A17: Материалы — аванс поставщику | B17: =SUMIFS('Выплаты'!$E$4:$E$303,'Выплаты'!$B$4:$B$303,"Материалы — аванс поставщику",'Выплаты'!$G$4:$G$303,"<>Отменён",'Выплаты'!$A$4:$A$303,">="&B$8,'Выплаты'!$A$4:$A$303,"<="&B$9) | C17: =SUMIFS('Выплаты'!$E$4:$E$303,'Выплаты'!$B$4:$B$303,"Материалы — аванс поставщику",'Выплаты'!$G$4:$G$303,"<>Отменён",'Выплаты'!$A$4:$A$303,">="&C$8,'Выплаты'!$A$4:$A$303,"<="&C$9) | D17: =SUMIFS('Выплаты'!$E$4:$E$303,'Выплаты'!$B$4:$B$303,"Материалы — аванс поставщику",'Выплаты'!$G$4:$G$303,"<>Отменён",'Выплаты'!$A$4:$A$303,">="&D$8,'Выплаты'!$A$4:$A$303,"<="&D$9) | E17: =SUMIFS('Выплаты'!$E$4:$E$303,'Выплаты'!$B$4:$B$303,"Материалы — аванс поставщику",'Выплаты'!$G$4:$G$303,"<>Отменён",'Выплаты'!$A$4:$A$303,">="&E$8,'Выплаты'!$A$4:$A$303,"<="&E$9) | F17: =SUMIFS('Выплаты'!$E$4:$E$303,'Выплаты'!$B$4:$B$303,"Материалы — аванс поставщику",'Выплаты'!$G$4:$G$303,"<>Отменён",'Выплаты'!$A$4:$A$303,">="&F$8,'Выплаты'!$A$4:$A$303,"<="&F$9) | G17: =SUMIFS('Выплаты'!$E$4:$E$303,'Выплаты'!$B$4:$B$303,"Материалы — аванс поставщику",'Выплаты'!$G$4:$G$303,"<>Отменён",'Выплаты'!$A$4:$A$303,">="&G$8,'Выплаты'!$A$4:$A$303,"<="&G$9) | H17: =SUMIFS('Выплаты'!$E$4:$E$303,'Выплаты'!$B$4:$B$303,"Материалы — аванс поставщику",'Выплаты'!$G$4:$G$303,"<>Отменён",'Выплаты'!$A$4:$A$303,">="&H$8,'Выплаты'!$A$4:$A$303,"<="&H$9) | I17: =SUMIFS('Выплаты'!$E$4:$E$303,'Выплаты'!$B$4:$B$303,"Материалы — аванс поставщику",'Выплаты'!$G$4:$G$303,"<>Отменён",'Выплаты'!$A$4:$A$303,">="&I$8,'Выплаты'!$A$4:$A$303,"<="&I$9) | ... AA17: =SUMIFS('Выплаты'!$E$4:$E$303,'Выплаты'!$B$4:$B$303,"Материалы — аванс поставщику",'Выплаты'!$G$4:$G$303,"<>Отменён",'Выплаты'!$A$4:$A$303,">="&AA$8,'Выплаты'!$A$4:$A$303,"<="&AA$9) | AB17: =SUM(B17:AA17)
A18: Материалы — оплата после поставки | B18: =SUMIFS('Выплаты'!$E$4:$E$303,'Выплаты'!$B$4:$B$303,"Материалы — оплата после поставки",'Выплаты'!$G$4:$G$303,"<>Отменён",'Выплаты'!$A$4:$A$303,">="&B$8,'Выплаты'!$A$4:$A$303,"<="&B$9) | C18: =SUMIFS('Выплаты'!$E$4:$E$303,'Выплаты'!$B$4:$B$303,"Материалы — оплата после поставки",'Выплаты'!$G$4:$G$303,"<>Отменён",'Выплаты'!$A$4:$A$303,">="&C$8,'Выплаты'!$A$4:$A$303,"<="&C$9) | D18: =SUMIFS('Выплаты'!$E$4:$E$303,'Выплаты'!$B$4:$B$303,"Материалы — оплата после поставки",'Выплаты'!$G$4:$G$303,"<>Отменён",'Выплаты'!$A$4:$A$303,">="&D$8,'Выплаты'!$A$4:$A$303,"<="&D$9) | E18: =SUMIFS('Выплаты'!$E$4:$E$303,'Выплаты'!$B$4:$B$303,"Материалы — оплата после поставки",'Выплаты'!$G$4:$G$303,"<>Отменён",'Выплаты'!$A$4:$A$303,">="&E$8,'Выплаты'!$A$4:$A$303,"<="&E$9) | F18: =SUMIFS('Выплаты'!$E$4:$E$303,'Выплаты'!$B$4:$B$303,"Материалы — оплата после поставки",'Выплаты'!$G$4:$G$303,"<>Отменён",'Выплаты'!$A$4:$A$303,">="&F$8,'Выплаты'!$A$4:$A$303,"<="&F$9) | G18: =SUMIFS('Выплаты'!$E$4:$E$303,'Выплаты'!$B$4:$B$303,"Материалы — оплата после поставки",'Выплаты'!$G$4:$G$303,"<>Отменён",'Выплаты'!$A$4:$A$303,">="&G$8,'Выплаты'!$A$4:$A$303,"<="&G$9) | H18: =SUMIFS('Выплаты'!$E$4:$E$303,'Выплаты'!$B$4:$B$303,"Материалы — оплата после поставки",'Выплаты'!$G$4:$G$303,"<>Отменён",'Выплаты'!$A$4:$A$303,">="&H$8,'Выплаты'!$A$4:$A$303,"<="&H$9) | I18: =SUMIFS('Выплаты'!$E$4:$E$303,'Выплаты'!$B$4:$B$303,"Материалы — оплата после поставки",'Выплаты'!$G$4:$G$303,"<>Отменён",'Выплаты'!$A$4:$A$303,">="&I$8,'Выплаты'!$A$4:$A$303,"<="&I$9) | ... AA18: =SUMIFS('Выплаты'!$E$4:$E$303,'Выплаты'!$B$4:$B$303,"Материалы — оплата после поставки",'Выплаты'!$G$4:$G$303,"<>Отменён",'Выплаты'!$A$4:$A$303,">="&AA$8,'Выплаты'!$A$4:$A$303,"<="&AA$9) | AB18: =SUM(B18:AA18)
A19: Субподрядчики | B19: =SUMIFS('Выплаты'!$E$4:$E$303,'Выплаты'!$B$4:$B$303,"Субподрядчики",'Выплаты'!$G$4:$G$303,"<>Отменён",'Выплаты'!$A$4:$A$303,">="&B$8,'Выплаты'!$A$4:$A$303,"<="&B$9) | C19: =SUMIFS('Выплаты'!$E$4:$E$303,'Выплаты'!$B$4:$B$303,"Субподрядчики",'Выплаты'!$G$4:$G$303,"<>Отменён",'Выплаты'!$A$4:$A$303,">="&C$8,'Выплаты'!$A$4:$A$303,"<="&C$9) | D19: =SUMIFS('Выплаты'!$E$4:$E$303,'Выплаты'!$B$4:$B$303,"Субподрядчики",'Выплаты'!$G$4:$G$303,"<>Отменён",'Выплаты'!$A$4:$A$303,">="&D$8,'Выплаты'!$A$4:$A$303,"<="&D$9) | E19: =SUMIFS('Выплаты'!$E$4:$E$303,'Выплаты'!$B$4:$B$303,"Субподрядчики",'Выплаты'!$G$4:$G$303,"<>Отменён",'Выплаты'!$A$4:$A$303,">="&E$8,'Выплаты'!$A$4:$A$303,"<="&E$9) | F19: =SUMIFS('Выплаты'!$E$4:$E$303,'Выплаты'!$B$4:$B$303,"Субподрядчики",'Выплаты'!$G$4:$G$303,"<>Отменён",'Выплаты'!$A$4:$A$303,">="&F$8,'Выплаты'!$A$4:$A$303,"<="&F$9) | G19: =SUMIFS('Выплаты'!$E$4:$E$303,'Выплаты'!$B$4:$B$303,"Субподрядчики",'Выплаты'!$G$4:$G$303,"<>Отменён",'Выплаты'!$A$4:$A$303,">="&G$8,'Выплаты'!$A$4:$A$303,"<="&G$9) | H19: =SUMIFS('Выплаты'!$E$4:$E$303,'Выплаты'!$B$4:$B$303,"Субподрядчики",'Выплаты'!$G$4:$G$303,"<>Отменён",'Выплаты'!$A$4:$A$303,">="&H$8,'Выплаты'!$A$4:$A$303,"<="&H$9) | I19: =SUMIFS('Выплаты'!$E$4:$E$303,'Выплаты'!$B$4:$B$303,"Субподрядчики",'Выплаты'!$G$4:$G$303,"<>Отменён",'Выплаты'!$A$4:$A$303,">="&I$8,'Выплаты'!$A$4:$A$303,"<="&I$9) | ... AA19: =SUMIFS('Выплаты'!$E$4:$E$303,'Выплаты'!$B$4:$B$303,"Субподрядчики",'Выплаты'!$G$4:$G$303,"<>Отменён",'Выплаты'!$A$4:$A$303,">="&AA$8,'Выплаты'!$A$4:$A$303,"<="&AA$9) | AB19: =SUM(B19:AA19)
A20: ФОТ и налоги с ФОТ | B20: =SUMIFS('Выплаты'!$E$4:$E$303,'Выплаты'!$B$4:$B$303,"ФОТ и налоги с ФОТ",'Выплаты'!$G$4:$G$303,"<>Отменён",'Выплаты'!$A$4:$A$303,">="&B$8,'Выплаты'!$A$4:$A$303,"<="&B$9) | C20: =SUMIFS('Выплаты'!$E$4:$E$303,'Выплаты'!$B$4:$B$303,"ФОТ и налоги с ФОТ",'Выплаты'!$G$4:$G$303,"<>Отменён",'Выплаты'!$A$4:$A$303,">="&C$8,'Выплаты'!$A$4:$A$303,"<="&C$9) | D20: =SUMIFS('Выплаты'!$E$4:$E$303,'Выплаты'!$B$4:$B$303,"ФОТ и налоги с ФОТ",'Выплаты'!$G$4:$G$303,"<>Отменён",'Выплаты'!$A$4:$A$303,">="&D$8,'Выплаты'!$A$4:$A$303,"<="&D$9) | E20: =SUMIFS('Выплаты'!$E$4:$E$303,'Выплаты'!$B$4:$B$303,"ФОТ и налоги с ФОТ",'Выплаты'!$G$4:$G$303,"<>Отменён",'Выплаты'!$A$4:$A$303,">="&E$8,'Выплаты'!$A$4:$A$303,"<="&E$9) | F20: =SUMIFS('Выплаты'!$E$4:$E$303,'Выплаты'!$B$4:$B$303,"ФОТ и налоги с ФОТ",'Выплаты'!$G$4:$G$303,"<>Отменён",'Выплаты'!$A$4:$A$303,">="&F$8,'Выплаты'!$A$4:$A$303,"<="&F$9) | G20: =SUMIFS('Выплаты'!$E$4:$E$303,'Выплаты'!$B$4:$B$303,"ФОТ и налоги с ФОТ",'Выплаты'!$G$4:$G$303,"<>Отменён",'Выплаты'!$A$4:$A$303,">="&G$8,'Выплаты'!$A$4:$A$303,"<="&G$9) | H20: =SUMIFS('Выплаты'!$E$4:$E$303,'Выплаты'!$B$4:$B$303,"ФОТ и налоги с ФОТ",'Выплаты'!$G$4:$G$303,"<>Отменён",'Выплаты'!$A$4:$A$303,">="&H$8,'Выплаты'!$A$4:$A$303,"<="&H$9) | I20: =SUMIFS('Выплаты'!$E$4:$E$303,'Выплаты'!$B$4:$B$303,"ФОТ и налоги с ФОТ",'Выплаты'!$G$4:$G$303,"<>Отменён",'Выплаты'!$A$4:$A$303,">="&I$8,'Выплаты'!$A$4:$A$303,"<="&I$9) | ... AA20: =SUMIFS('Выплаты'!$E$4:$E$303,'Выплаты'!$B$4:$B$303,"ФОТ и налоги с ФОТ",'Выплаты'!$G$4:$G$303,"<>Отменён",'Выплаты'!$A$4:$A$303,">="&AA$8,'Выплаты'!$A$4:$A$303,"<="&AA$9) | AB20: =SUM(B20:AA20)
A21: Техника и аренда | B21: =SUMIFS('Выплаты'!$E$4:$E$303,'Выплаты'!$B$4:$B$303,"Техника и аренда",'Выплаты'!$G$4:$G$303,"<>Отменён",'Выплаты'!$A$4:$A$303,">="&B$8,'Выплаты'!$A$4:$A$303,"<="&B$9) | C21: =SUMIFS('Выплаты'!$E$4:$E$303,'Выплаты'!$B$4:$B$303,"Техника и аренда",'Выплаты'!$G$4:$G$303,"<>Отменён",'Выплаты'!$A$4:$A$303,">="&C$8,'Выплаты'!$A$4:$A$303,"<="&C$9) | D21: =SUMIFS('Выплаты'!$E$4:$E$303,'Выплаты'!$B$4:$B$303,"Техника и аренда",'Выплаты'!$G$4:$G$303,"<>Отменён",'Выплаты'!$A$4:$A$303,">="&D$8,'Выплаты'!$A$4:$A$303,"<="&D$9) | E21: =SUMIFS('Выплаты'!$E$4:$E$303,'Выплаты'!$B$4:$B$303,"Техника и аренда",'Выплаты'!$G$4:$G$303,"<>Отменён",'Выплаты'!$A$4:$A$303,">="&E$8,'Выплаты'!$A$4:$A$303,"<="&E$9) | F21: =SUMIFS('Выплаты'!$E$4:$E$303,'Выплаты'!$B$4:$B$303,"Техника и аренда",'Выплаты'!$G$4:$G$303,"<>Отменён",'Выплаты'!$A$4:$A$303,">="&F$8,'Выплаты'!$A$4:$A$303,"<="&F$9) | G21: =SUMIFS('Выплаты'!$E$4:$E$303,'Выплаты'!$B$4:$B$303,"Техника и аренда",'Выплаты'!$G$4:$G$303,"<>Отменён",'Выплаты'!$A$4:$A$303,">="&G$8,'Выплаты'!$A$4:$A$303,"<="&G$9) | H21: =SUMIFS('Выплаты'!$E$4:$E$303,'Выплаты'!$B$4:$B$303,"Техника и аренда",'Выплаты'!$G$4:$G$303,"<>Отменён",'Выплаты'!$A$4:$A$303,">="&H$8,'Выплаты'!$A$4:$A$303,"<="&H$9) | I21: =SUMIFS('Выплаты'!$E$4:$E$303,'Выплаты'!$B$4:$B$303,"Техника и аренда",'Выплаты'!$G$4:$G$303,"<>Отменён",'Выплаты'!$A$4:$A$303,">="&I$8,'Выплаты'!$A$4:$A$303,"<="&I$9) | ... AA21: =SUMIFS('Выплаты'!$E$4:$E$303,'Выплаты'!$B$4:$B$303,"Техника и аренда",'Выплаты'!$G$4:$G$303,"<>Отменён",'Выплаты'!$A$4:$A$303,">="&AA$8,'Выплаты'!$A$4:$A$303,"<="&AA$9) | AB21: =SUM(B21:AA21)
A22: Накладные расходы объекта | B22: =SUMIFS('Выплаты'!$E$4:$E$303,'Выплаты'!$B$4:$B$303,"Накладные расходы объекта",'Выплаты'!$G$4:$G$303,"<>Отменён",'Выплаты'!$A$4:$A$303,">="&B$8,'Выплаты'!$A$4:$A$303,"<="&B$9) | C22: =SUMIFS('Выплаты'!$E$4:$E$303,'Выплаты'!$B$4:$B$303,"Накладные расходы объекта",'Выплаты'!$G$4:$G$303,"<>Отменён",'Выплаты'!$A$4:$A$303,">="&C$8,'Выплаты'!$A$4:$A$303,"<="&C$9) | D22: =SUMIFS('Выплаты'!$E$4:$E$303,'Выплаты'!$B$4:$B$303,"Накладные расходы объекта",'Выплаты'!$G$4:$G$303,"<>Отменён",'Выплаты'!$A$4:$A$303,">="&D$8,'Выплаты'!$A$4:$A$303,"<="&D$9) | E22: =SUMIFS('Выплаты'!$E$4:$E$303,'Выплаты'!$B$4:$B$303,"Накладные расходы объекта",'Выплаты'!$G$4:$G$303,"<>Отменён",'Выплаты'!$A$4:$A$303,">="&E$8,'Выплаты'!$A$4:$A$303,"<="&E$9) | F22: =SUMIFS('Выплаты'!$E$4:$E$303,'Выплаты'!$B$4:$B$303,"Накладные расходы объекта",'Выплаты'!$G$4:$G$303,"<>Отменён",'Выплаты'!$A$4:$A$303,">="&F$8,'Выплаты'!$A$4:$A$303,"<="&F$9) | G22: =SUMIFS('Выплаты'!$E$4:$E$303,'Выплаты'!$B$4:$B$303,"Накладные расходы объекта",'Выплаты'!$G$4:$G$303,"<>Отменён",'Выплаты'!$A$4:$A$303,">="&G$8,'Выплаты'!$A$4:$A$303,"<="&G$9) | H22: =SUMIFS('Выплаты'!$E$4:$E$303,'Выплаты'!$B$4:$B$303,"Накладные расходы объекта",'Выплаты'!$G$4:$G$303,"<>Отменён",'Выплаты'!$A$4:$A$303,">="&H$8,'Выплаты'!$A$4:$A$303,"<="&H$9) | I22: =SUMIFS('Выплаты'!$E$4:$E$303,'Выплаты'!$B$4:$B$303,"Накладные расходы объекта",'Выплаты'!$G$4:$G$303,"<>Отменён",'Выплаты'!$A$4:$A$303,">="&I$8,'Выплаты'!$A$4:$A$303,"<="&I$9) | ... AA22: =SUMIFS('Выплаты'!$E$4:$E$303,'Выплаты'!$B$4:$B$303,"Накладные расходы объекта",'Выплаты'!$G$4:$G$303,"<>Отменён",'Выплаты'!$A$4:$A$303,">="&AA$8,'Выплаты'!$A$4:$A$303,"<="&AA$9) | AB22: =SUM(B22:AA22)
A23: Прочие выплаты | B23: =SUMIFS('Выплаты'!$E$4:$E$303,'Выплаты'!$B$4:$B$303,"Прочие выплаты",'Выплаты'!$G$4:$G$303,"<>Отменён",'Выплаты'!$A$4:$A$303,">="&B$8,'Выплаты'!$A$4:$A$303,"<="&B$9) | C23: =SUMIFS('Выплаты'!$E$4:$E$303,'Выплаты'!$B$4:$B$303,"Прочие выплаты",'Выплаты'!$G$4:$G$303,"<>Отменён",'Выплаты'!$A$4:$A$303,">="&C$8,'Выплаты'!$A$4:$A$303,"<="&C$9) | D23: =SUMIFS('Выплаты'!$E$4:$E$303,'Выплаты'!$B$4:$B$303,"Прочие выплаты",'Выплаты'!$G$4:$G$303,"<>Отменён",'Выплаты'!$A$4:$A$303,">="&D$8,'Выплаты'!$A$4:$A$303,"<="&D$9) | E23: =SUMIFS('Выплаты'!$E$4:$E$303,'Выплаты'!$B$4:$B$303,"Прочие выплаты",'Выплаты'!$G$4:$G$303,"<>Отменён",'Выплаты'!$A$4:$A$303,">="&E$8,'Выплаты'!$A$4:$A$303,"<="&E$9) | F23: =SUMIFS('Выплаты'!$E$4:$E$303,'Выплаты'!$B$4:$B$303,"Прочие выплаты",'Выплаты'!$G$4:$G$303,"<>Отменён",'Выплаты'!$A$4:$A$303,">="&F$8,'Выплаты'!$A$4:$A$303,"<="&F$9) | G23: =SUMIFS('Выплаты'!$E$4:$E$303,'Выплаты'!$B$4:$B$303,"Прочие выплаты",'Выплаты'!$G$4:$G$303,"<>Отменён",'Выплаты'!$A$4:$A$303,">="&G$8,'Выплаты'!$A$4:$A$303,"<="&G$9) | H23: =SUMIFS('Выплаты'!$E$4:$E$303,'Выплаты'!$B$4:$B$303,"Прочие выплаты",'Выплаты'!$G$4:$G$303,"<>Отменён",'Выплаты'!$A$4:$A$303,">="&H$8,'Выплаты'!$A$4:$A$303,"<="&H$9) | I23: =SUMIFS('Выплаты'!$E$4:$E$303,'Выплаты'!$B$4:$B$303,"Прочие выплаты",'Выплаты'!$G$4:$G$303,"<>Отменён",'Выплаты'!$A$4:$A$303,">="&I$8,'Выплаты'!$A$4:$A$303,"<="&I$9) | ... AA23: =SUMIFS('Выплаты'!$E$4:$E$303,'Выплаты'!$B$4:$B$303,"Прочие выплаты",'Выплаты'!$G$4:$G$303,"<>Отменён",'Выплаты'!$A$4:$A$303,">="&AA$8,'Выплаты'!$A$4:$A$303,"<="&AA$9) | AB23: =SUM(B23:AA23)
A24: Итого выплат | B24: =B17+B18+B19+B20+B21+B22+B23 | C24: =C17+C18+C19+C20+C21+C22+C23 | D24: =D17+D18+D19+D20+D21+D22+D23 | E24: =E17+E18+E19+E20+E21+E22+E23 | F24: =F17+F18+F19+F20+F21+F22+F23 | G24: =G17+G18+G19+G20+G21+G22+G23 | H24: =H17+H18+H19+H20+H21+H22+H23 | I24: =I17+I18+I19+I20+I21+I22+I23 | ... AA24: =AA17+AA18+AA19+AA20+AA21+AA22+AA23 | AB24: =SUM(B24:AA24)
A25: ОСТАТОК
A26: Остаток на начало недели | B26: =$B$4 | C26: =B28 | D26: =C28 | E26: =D28 | F26: =E28 | G26: =F28 | H26: =G28 | I26: =H28 | J26: =I28 | ... AA26: =Z28
A27: Чистый поток недели | B27: =B15-B24 | C27: =C15-C24 | D27: =D15-D24 | E27: =E15-E24 | F27: =F15-F24 | G27: =G15-G24 | H27: =H15-H24 | I27: =I15-I24 | ... AA27: =AA15-AA24 | AB27: =SUM(B27:AA27)
A28: Остаток на конец недели | B28: =B26+B27 | C28: =C26+C27 | D28: =D26+D27 | E28: =E26+E27 | F28: =F26+F27 | G28: =G26+G27 | H28: =H26+H27 | I28: =I26+I27 | ... AA28: =AA26+AA27
A29: Кассовый разрыв (нехватка денег) | B29: =IF(B28<0,-B28,0) | C29: =IF(C28<0,-C28,0) | D29: =IF(D28<0,-D28,0) | E29: =IF(E28<0,-E28,0) | F29: =IF(F28<0,-F28,0) | G29: =IF(G28<0,-G28,0) | H29: =IF(H28<0,-H28,0) | I29: =IF(I28<0,-I28,0) | ... AA29: =IF(AA28<0,-AA28,0)
A30: Ниже минимального остатка | B30: =IF(B28<$B$5,"Да","") | C30: =IF(C28<$B$5,"Да","") | D30: =IF(D28<$B$5,"Да","") | E30: =IF(E28<$B$5,"Да","") | F30: =IF(F28<$B$5,"Да","") | G30: =IF(G28<$B$5,"Да","") | H30: =IF(H28<$B$5,"Да","") | I30: =IF(I28<$B$5,"Да","") | ... AA30: =IF(AA28<$B$5,"Да","")
A31: Номер недели с разрывом (служебная строка) | B31: =IF(B28<0,1,"") | C31: =IF(C28<0,2,"") | D31: =IF(D28<0,3,"") | E31: =IF(E28<0,4,"") | F31: =IF(F28<0,5,"") | G31: =IF(G28<0,6,"") | H31: =IF(H28<0,7,"") | I31: =IF(I28<0,8,"") | J31: =IF(J28<0,9,"") | K31: =IF(K28<0,10,"") | L31: =IF(L28<0,11,"") | M31: =IF(M28<0,12,"") | N31: =IF(N28<0,13,"") | O31: =IF(O28<0,14,"") | P31: =IF(P28<0,15,"") | Q31: =IF(Q28<0,16,"") | R31: =IF(R28<0,17,"") | S31: =IF(S28<0,18,"") | T31: =IF(T28<0,19,"") | U31: =IF(U28<0,20,"") | V31: =IF(V28<0,21,"") | W31: =IF(W28<0,22,"") | X31: =IF(X28<0,23,"") | Y31: =IF(Y28<0,24,"") | Z31: =IF(Z28<0,25,"") | AA31: =IF(AA28<0,26,"")
A33: Итоги по календарю
A34: Первая неделя с кассовым разрывом | B34: =IF(COUNT(B31:AA31)=0,"Разрыва нет","Нед. "&MIN(B31:AA31)&", с "&TEXT(INDEX(B8:AA8,MIN(B31:AA31)),"DD.MM.YYYY"))
A35: Максимальный разрыв за неделю, руб. | B35: =MAX(B29:AA29)
A36: Минимальный остаток на конец недели, руб. | B36: =MIN(B28:AA28)
A37: Недель с разрывом | B37: =COUNTIF(B28:AA28,"<0")
A38: Недель ниже минимального остатка | B38: =COUNTIF(B30:AA30,"Да")
A40: Шаблон: 1мост.рф

Sheet Акты и оплаты
A1: График актов и оплат заказчика
A3: Период выполнения | B3: Выполнение по актам (КС-2, КС-3), руб. | C3: Зачёт аванса, % | D3: Гарантийное удержание, % | E3: Зачёт аванса, руб. | F3: Гарантийное удержание, руб. | G3: К оплате, руб. | H3: Дата передачи актов заказчику | I3: Срок приёмки, дней | J3: Срок оплаты после подписания, дней | K3: Тип дней | L3: Ожидаемая дата подписания | M3: Ожидаемая дата оплаты | N3: Фактическая дата оплаты | O3: Фактически получено, руб. | P3: Дата для календаря | Q3: Сумма для календаря | R3: Плановая дата возврата удержания | S3: Примечание
A4: Октябрь 2026 | B4: 6000000 | C4: 0.2 | D4: 0.05 | E4: =IF(B4="","",B4*C4) | F4: =IF(B4="","",B4*D4) | G4: =IF(B4="","",B4-E4-F4) | H4: 46331 | I4: 15 | J4: 30 | K4: Календарные | L4: =IF(H4="","",IF(K4="Рабочие",WORKDAY(H4,I4),H4+I4)) | M4: =IF(L4="","",IF(K4="Рабочие",WORKDAY(L4,J4),L4+J4)) | P4: =IF(N4<>"",N4,M4) | Q4: =IF(B4="","",IF(O4<>"",O4,G4)) | S4: ПРИМЕР — удалите или замените строку
A5: Ноябрь 2026 | B5: 7000000 | C5: 0.2 | D5: 0.05 | E5: =IF(B5="","",B5*C5) | F5: =IF(B5="","",B5*D5) | G5: =IF(B5="","",B5-E5-F5) | H5: 46360 | I5: 15 | J5: 30 | K5: Календарные | L5: =IF(H5="","",IF(K5="Рабочие",WORKDAY(H5,I5),H5+I5)) | M5: =IF(L5="","",IF(K5="Рабочие",WORKDAY(L5,J5),L5+J5)) | P5: =IF(N5<>"",N5,M5) | Q5: =IF(B5="","",IF(O5<>"",O5,G5)) | S5: ПРИМЕР — удалите или замените строку
E6: =IF(B6="","",B6*C6) | F6: =IF(B6="","",B6*D6) | G6: =IF(B6="","",B6-E6-F6) | L6: =IF(H6="","",IF(K6="Рабочие",WORKDAY(H6,I6),H6+I6)) | M6: =IF(L6="","",IF(K6="Рабочие",WORKDAY(L6,J6),L6+J6)) | P6: =IF(N6<>"",N6,M6) | Q6: =IF(B6="","",IF(O6<>"",O6,G6))
E7: =IF(B7="","",B7*C7) | F7: =IF(B7="","",B7*D7) | G7: =IF(B7="","",B7-E7-F7) | L7: =IF(H7="","",IF(K7="Рабочие",WORKDAY(H7,I7),H7+I7)) | M7: =IF(L7="","",IF(K7="Рабочие",WORKDAY(L7,J7),L7+J7)) | P7: =IF(N7<>"",N7,M7) | Q7: =IF(B7="","",IF(O7<>"",O7,G7))
E8: =IF(B8="","",B8*C8) | F8: =IF(B8="","",B8*D8) | G8: =IF(B8="","",B8-E8-F8) | L8: =IF(H8="","",IF(K8="Рабочие",WORKDAY(H8,I8),H8+I8)) | M8: =IF(L8="","",IF(K8="Рабочие",WORKDAY(L8,J8),L8+J8)) | P8: =IF(N8<>"",N8,M8) | Q8: =IF(B8="","",IF(O8<>"",O8,G8))
E9: =IF(B9="","",B9*C9) | F9: =IF(B9="","",B9*D9) | G9: =IF(B9="","",B9-E9-F9) | L9: =IF(H9="","",IF(K9="Рабочие",WORKDAY(H9,I9),H9+I9)) | M9: =IF(L9="","",IF(K9="Рабочие",WORKDAY(L9,J9),L9+J9)) | P9: =IF(N9<>"",N9,M9) | Q9: =IF(B9="","",IF(O9<>"",O9,G9))
E10: =IF(B10="","",B10*C10) | F10: =IF(B10="","",B10*D10) | G10: =IF(B10="","",B10-E10-F10) | L10: =IF(H10="","",IF(K10="Рабочие",WORKDAY(H10,I10),H10+I10)) | M10: =IF(L10="","",IF(K10="Рабочие",WORKDAY(L10,J10),L10+J10)) | P10: =IF(N10<>"",N10,M10) | Q10: =IF(B10="","",IF(O10<>"",O10,G10))
E11: =IF(B11="","",B11*C11) | F11: =IF(B11="","",B11*D11) | G11: =IF(B11="","",B11-E11-F11) | L11: =IF(H11="","",IF(K11="Рабочие",WORKDAY(H11,I11),H11+I11)) | M11: =IF(L11="","",IF(K11="Рабочие",WORKDAY(L11,J11),L11+J11)) | P11: =IF(N11<>"",N11,M11) | Q11: =IF(B11="","",IF(O11<>"",O11,G11))
E12: =IF(B12="","",B12*C12) | F12: =IF(B12="","",B12*D12) | G12: =IF(B12="","",B12-E12-F12) | L12: =IF(H12="","",IF(K12="Рабочие",WORKDAY(H12,I12),H12+I12)) | M12: =IF(L12="","",IF(K12="Рабочие",WORKDAY(L12,J12),L12+J12)) | P12: =IF(N12<>"",N12,M12) | Q12: =IF(B12="","",IF(O12<>"",O12,G12))
E13: =IF(B13="","",B13*C13) | F13: =IF(B13="","",B13*D13) | G13: =IF(B13="","",B13-E13-F13) | L13: =IF(H13="","",IF(K13="Рабочие",WORKDAY(H13,I13),H13+I13)) | M13: =IF(L13="","",IF(K13="Рабочие",WORKDAY(L13,J13),L13+J13)) | P13: =IF(N13<>"",N13,M13) | Q13: =IF(B13="","",IF(O13<>"",O13,G13))
E14: =IF(B14="","",B14*C14) | F14: =IF(B14="","",B14*D14) | G14: =IF(B14="","",B14-E14-F14) | L14: =IF(H14="","",IF(K14="Рабочие",WORKDAY(H14,I14),H14+I14)) | M14: =IF(L14="","",IF(K14="Рабочие",WORKDAY(L14,J14),L14+J14)) | P14: =IF(N14<>"",N14,M14) | Q14: =IF(B14="","",IF(O14<>"",O14,G14))
E15: =IF(B15="","",B15*C15) | F15: =IF(B15="","",B15*D15) | G15: =IF(B15="","",B15-E15-F15) | L15: =IF(H15="","",IF(K15="Рабочие",WORKDAY(H15,I15),H15+I15)) | M15: =IF(L15="","",IF(K15="Рабочие",WORKDAY(L15,J15),L15+J15)) | P15: =IF(N15<>"",N15,M15) | Q15: =IF(B15="","",IF(O15<>"",O15,G15))
E16: =IF(B16="","",B16*C16) | F16: =IF(B16="","",B16*D16) | G16: =IF(B16="","",B16-E16-F16) | L16: =IF(H16="","",IF(K16="Рабочие",WORKDAY(H16,I16),H16+I16)) | M16: =IF(L16="","",IF(K16="Рабочие",WORKDAY(L16,J16),L16+J16)) | P16: =IF(N16<>"",N16,M16) | Q16: =IF(B16="","",IF(O16<>"",O16,G16))
E17: =IF(B17="","",B17*C17) | F17: =IF(B17="","",B17*D17) | G17: =IF(B17="","",B17-E17-F17) | L17: =IF(H17="","",IF(K17="Рабочие",WORKDAY(H17,I17),H17+I17)) | M17: =IF(L17="","",IF(K17="Рабочие",WORKDAY(L17,J17),L17+J17)) | P17: =IF(N17<>"",N17,M17) | Q17: =IF(B17="","",IF(O17<>"",O17,G17))
... E63: =IF(B63="","",B63*C63) | F63: =IF(B63="","",B63*D63) | G63: =IF(B63="","",B63-E63-F63) | L63: =IF(H63="","",IF(K63="Рабочие",WORKDAY(H63,I63),H63+I63)) | M63: =IF(L63="","",IF(K63="Рабочие",WORKDAY(L63,J63),L63+J63)) | P63: =IF(N63<>"",N63,M63) | Q63: =IF(B63="","",IF(O63<>"",O63,G63))

Sheet Поступления
A1: Авансы заказчика и прочие поступления
A3: Дата | B3: Вид поступления | C3: Сумма, руб. | D3: Основание | E3: Статус | F3: Примечание
A4: 46344 | B4: Аванс заказчика | C4: 2000000 | D4: Договор подряда, п. о целевом авансе на материалы | E4: Ожидается | F4: ПРИМЕР — удалите или замените строку
A5: 46365 | B5: Прочие поступления | C5: 150000 | D5: Возврат обеспечительного платежа | E5: Ожидается | F5: ПРИМЕР — удалите или замените строку

Sheet Выплаты
A1: Плановые выплаты по объекту
A3: Дата платежа | B3: Статья | C3: Контрагент | D3: Основание (договор, счёт, заявка) | E3: Сумма, руб. | F3: Приоритет | G3: Статус | H3: Примечание
A4: 46331 | B4: Материалы — аванс поставщику | C4: Поставщик арматуры | D4: Счёт на арматуру под перекрытие 3 этажа | E4: 800000 | F4: Критичный для графика | G4: Согласован | H4: ПРИМЕР — удалите или замените строку
A5: 46339 | B5: ФОТ и налоги с ФОТ | C5: Сотрудники участка | D5: Заработная плата за первую половину месяца | E5: 900000 | F5: Обязательный | G5: План | H5: ПРИМЕР — удалите или замените строку
A6: 46353 | B6: Субподрядчики | C6: Субподрядчик по инженерным сетям | D6: Акт за октябрь | E6: 1100000 | F6: Можно перенести | G6: План | H6: ПРИМЕР — удалите или замените строку

Sheet Как заполнять
B1: Платёжный календарь объекта: как заполнять
B3: Назначение
A4: • | B4: Календарь показывает по неделям, сколько денег придёт и уйдёт по объекту, какой будет остаток и в какую неделю возникает кассовый разрыв.
B5: Порядок работы
A6: • | B6: На листе «Календарь» заполните жёлтые параметры: объект, понедельник первой недели, остаток денег по объекту на начало и минимальный остаток, ниже которого вы не хотите опускаться.
A7: • | B7: На листе «Акты и оплаты» внесите план выполнения по месяцам, условия договора о зачёте аванса и гарантийном удержании, дату передачи актов, срок приёмки и срок оплаты. Таблица посчитает сумму к оплате и ожидаемую дату денег.
A8: • | B8: Тип дней выбирайте так, как в договоре. При выборе «Рабочие» праздничные дни не учитываются — при необходимости поправьте дату вручную через фактическую дату оплаты.
A9: • | B9: Когда заказчик заплатил, внесите фактическую дату и сумму: календарь возьмёт их вместо плановых.
A10: • | B10: Плановую дату возврата гарантийного удержания укажите по договору — сумма появится в календаре в этой неделе.
A11: • | B11: На листе «Поступления» — авансы заказчика и прочие поступления. На листе «Выплаты» — все плановые платежи по объекту со статьёй, приоритетом и статусом. Отменённые платежи в календарь не попадают.
B12: Как читать календарь
A13: • | B13: Остаток на конец недели подсвечивается красным, если он отрицательный (кассовый разрыв), и оранжевым, если он ниже минимального остатка.
A14: • | B14: Строка «Кассовый разрыв» показывает, сколько денег не хватает в этой неделе. Внизу листа — первая неделя с разрывом, максимальный разрыв и число проблемных недель.
A15: • | B15: Серые ячейки рассчитываются формулами, их не нужно заполнять.
B16: Примеры
A17: • | B17: Жёлтые ячейки и строки с пометкой «ПРИМЕР» показывают заполнение. Удалите их перед началом работы.
B18: Важно
A19: • | B19: Календарь ведётся по одному объекту. Проценты зачёта аванса и удержаний в примере условные — берите их из своего договора.
A20: • | B20: Шаблон помогает увидеть сумму и срок нехватки денег. Решения о переносе платежей, переговорах с заказчиком и поставщиками или о привлечении финансирования принимает руководство компании.
B22: Шаблон: 1мост.рф
